 Dungeon Crawl Stone Soup version 0.23.2-1-ga50397a (webtiles) character file.

Game seed: 4260805457889338254

49 HASTUR3 the Sneak (level 3, 0/26 HPs)
             Began as an Octopode Monk on June 2, 2019.
             Shot with a sling bullet by a goblin (8 damage)
             ... on level 2 of the Dungeon.
             The game lasted 00:09:37 (2017 turns).

HASTUR3 the Sneak (Octopode Monk)                   Turns: 2017, Time: 00:09:38

Health: 0/26       AC:  1    Str: 11    XL:     3   Next: 77%
Magic:  3/3        EV: 14    Int: 12    God:
Gold:   34         SH:  0    Dex: 14    Spells: 2/2 levels left

rFire    . . .     SeeInvis .     - Unarmed
rCold    . . .     Gourm    .   (no shield)
rNeg     . . .     Faith    .   (helmet restricted)
rPois    .         Spirit   .   (no amulet)
rElec    .         Reflect  .   (no ring)
rCorr    .         Harm     .   (no ring)
MR       .....                  (no ring)
Stlth    ++++......             (no ring)
HPRegen  0.08/turn              (no ring)
MPRegen  0.08/turn              (no ring)
                                (no ring)
                                (no ring)

@: no status effects
A: almost no armour, stealthy swim, amphibious, 8 rings, constrict 8, camouflage
1, gelatinous body 1
a: no special abilities


You were on level 2 of the Dungeon.
You were not hungry.

You visited 1 branch of the dungeon, and saw 2 of its levels.

You collected 34 gold pieces.

Inventory:

Scrolls
 d - a scroll of random uselessness {unknown}
 e - a scroll of identify {unknown}
 f - a scroll of remove curse {unknown}
 g - a scroll of enchant weapon {unknown}
Potions
 b - 2 potions of curing {unknown}
 c - a potion of lignification {unknown}
Comestibles
 a - 3 rations


   Skills:
 - Level 3.0 Fighting
 - Level 3.0 Dodging
 + Level 4.3 Stealth
 * Level 3.9 Unarmed Combat


You had 2 spell levels left.
You didn't know any spells.
Your spell library was empty.

Dungeon Overview and Level Annotations

Branches:
Dungeon (2/15)

Altars:
Fedhas

Annotations:
D:2 Sigmund


Innate Abilities, Weirdness & Mutations

You cannot wear most types of armour.
You are very stealthy in the water. (Stealth+)
You are amphibious.
You can wear up to eight rings at the same time.
You can use your tentacles to constrict eight enemies at once.
Your skin changes colour to match your surroundings (Stealth+).
Your rubbery body absorbs attacks. (AC +1, EV +1)


Message History

You constrict the bat. The bat closely misses you. x2
You tentacle-slap the bat.
You kill the bat!
The goblin shouts!
The goblin unwields a +0 dagger.
The goblin wields a +0 hunting sling.
The goblin shoots a sling bullet.
The sling bullet misses you.
The goblin shoots a sling bullet.
The sling bullet hits you.
Things that are here:
a sling bullet; a bat corpse You butcher the bat corpse.
The goblin shoots a sling bullet.
The sling bullet completely misses you.
Things that are here:
2 sling bullets; a chunk of flesh; a bat skeleton The goblin shoots a sling bullet.
The sling bullet hits you.
Things that are here:
2 sling bullets; a rat corpse The goblin shoots a sling bullet.
The sling bullet hits you!
You see here a sling bullet.
The goblin shoots a sling bullet.
The sling bullet hits you!
You die...

###.....# #.#
#.......###)##.#
##.#.###...).....
.............#.#
#.##.##.##......
#.##.##.##..P.P.
#.......##..._..
#.#####.((.[..##..P.P.
#....@........##......
#.####.(......#####.##
#........# #........#
#........# #g.......#
..######## ####


You could see a goblin.

Vanquished Creatures
  A worm (D:1)
  2 dart slugs
  2 leopard geckos (D:1)
  6 goblins
  7 hobgoblins
  4 jackals (D:1)
  4 bats
  4 frilled lizards
  3 kobolds
  8 rats
41 creatures vanquished.

Notes
Turn   | Place    | Note
-------+----------+-------------------------------------------
     0 | D:1      | HASTUR3 the Octopode Monk began the quest for the Orb.
     0 | D:1      | Reached XP level 1. HP: 16/16 MP: 1/1
   121 | D:1      | Reached skill level 3 in Stealth
   169 | D:1      | Reached XP level 2. HP: 20/21 MP: 2/2
   660 | D:1      | Reached XP level 3. HP: 19/26 MP: 3/3
   679 | D:1      | Reached skill level 4 in Stealth
   964 | D:2      | Noticed a phantom
  1682 | D:2      | Noticed Sigmund
  1979 | D:2      | Found a blossoming altar of Fedhas.
  2017 | D:2      | Shot with a sling bullet by a goblin

Skill      XL: |  1  2  3 |
---------------+----------+-----
Stealth        | 3 4 |  4.3
Fighting       | |  3.0
Dodging        | |  3.0
Unarmed Combat | |  3.9

Action                   || total
-------------------------++-------
Melee: Unarmed           ||    86
       Constrict         ||    28
       Tentacles         ||    17
       Punch             ||     1
 Stab: Sleeping          ||    12
  Eat: Chunk             ||     3
Armor: Skin              ||     6
Dodge: Dodged            ||    45
